General information
- name: Local Game (ATempT)
- type: Custom game
- host: ATempT
- saver: ATempT
map: Friends
- players: 8
- length: 29:25
- speed: Fast
- version: 1.23 W3XP
- replay type: Public
» download(244 KB)
Players
team 1 (loser)
ATempT (
red | 93 APM | 2749 actions | 29:25)
9 Blademaster
3 Wind Walk
3 Critical Strike
1 Bladestorm
2 Mirror Image
» actions
| Assign group hotkey | 61 | |
| Build / train | 90 | |
| Enter build submenu | 21 | |
| Enter hero's abilities submenu | 10 | |
| Give item / drop item | 3 | |
| Remove unit from queue | 3 | |
| Right click | 1623 | |
| Select / deselect | 291 | |
| Select group hotkey | 524 | |
| Use ability | 122 | |
2749 total
» units
| Peon | 7 | |
| Troll Headhunter/Berserker | 28 | |
| Goblin Shredder | 1 | |
| Shaman | 9 | |
45 total
» upgrades
| Ranged Weapons | 1 | |
| Berserker Upgrade | 1 | |
| Troll Regeneration | 1 | |
| Shaman Training | 2 | |
5 total
» buildings
| Altar of Storms | 2 | |
| Orc Burrow | 7 | |
| Barracks | 2 | |
| War Mill | 1 | |
| Stronghold | 1 | |
| Voodoo Lounge | 1 | |
| Watch Tower | 1 | |
| Fortress | 1 | |
| Spirit Lodge | 1 | |
17 total
» build order
00:08 Altar of Storms
00:10 Altar of Storms
00:23 Orc Burrow
01:02 Barracks
01:24 War Mill
01:58 Orc Burrow
04:08 Stronghold
04:43 Voodoo Lounge
04:52 Barracks
05:16 Orc Burrow
06:09 Watch Tower
07:04 Fortress
07:07 Spirit Lodge
07:23 Orc Burrow
16:53 Orc Burrow
17:20 Orc Burrow
21:33 Orc Burrow
» items
| Healing Salve | 5 | |
| Lesser Clarity Potion | 3 | |
| Scroll of Speed | 3 | |
| Potion of Healing | 5 | |
| Potion of Mana | 5 | |
| Orb of Lightning | 1 | |
| Scroll of Town Portal | 1 | |
| Orb of Corruption | 1 | |
24 total

»
zoltanacs2 (
dark-green | 17 APM | 487 actions | 29:25)
1 Demon Hunter
1 Mana Burn
3 Keeper of the Grove
2 Entangling Roots
1 Force of Nature
1 Priestess of the Moon
1 Scout
» actions
| Basic commands | 11 | |
| Build / train | 64 | |
| Enter build submenu | 14 | |
| Enter hero's abilities submenu | 5 | |
| Remove unit from queue | 3 | |
| Right click | 232 | |
| Select / deselect | 135 | |
| Use ability | 23 | |
487 total
» units
| Wisp | 7 | |
| Archer | 8 | |
| Huntress | 19 | |
| Mountain Giant | 5 | |
39 total
» upgrades
| Strength of the Moon | 2 | |
| Moon Armor | 2 | |
| Improved Bows | 1 | |
| Strength of the Wild | 2 | |
| Reinforced Hides | 1 | |
| Upgrade Moon Glaive | 1 | |
9 total
» buildings
| Altar of Elders | 1 | |
| Ancient of War | 1 | |
| Moon Well | 4 | |
| Hunter's Hall | 1 | |
| Tree of Ages | 1 | |
| Tree of Eternity | 1 | |
| Ancient of Lore | 1 | |
| Ancient of Wonders | 1 | |
| Ancient of Wind | 1 | |
12 total
» build order
00:21 Altar of Elders
00:30 Ancient of War
02:33 Moon Well
02:49 Moon Well
03:13 Hunter's Hall
04:03 Moon Well
07:27 Tree of Ages
11:25 Tree of Eternity
12:01 Moon Well
14:59 Ancient of Lore
17:25 Ancient of Wonders
28:42 Ancient of Wind
» items
| Ankh of Reincarnation | 1 | |
| Stone Token | 1 | |
2 total
_NIKOLLAS_ (
teal | 39 APM | 981 actions | 25:24)
3 Death Knight
2 Death Coil
1 Unholy Aura
3 Dreadlord
2 Sleep
1 Carrion Swarm
» actions
| Assign group hotkey | 14 | |
| Build / train | 55 | |
| Enter build submenu | 18 | |
| Enter hero's abilities submenu | 6 | |
| Give item / drop item | 2 | |
| Remove unit from queue | 2 | |
| Right click | 402 | |
| Select / deselect | 291 | |
| Select group hotkey | 156 | |
| Use ability | 35 | |
981 total
» units
| Acolyte | 2 | |
| Ghoul | 7 | |
| Crypt Fiend | 15 | |
| Frost Wyrm | 4 | |
28 total
» upgrades
| Creature Attack | 2 | |
| Web | 1 | |
| Creature Carapace | 3 | |
| Freezing Breath | 1 | |
7 total
» buildings
| Altar of Darkness | 1 | |
| Ziggurat | 7 | |
| Crypt | 1 | |
| Tomb of Relics | 1 | |
| Graveyard | 1 | |
| Nerubian Tower | 1 | |
| Spirit Tower | 4 | |
| Halls of the Dead | 1 | |
| Black Citadel | 1 | |
| Sacrificial Pit | 1 | |
| Boneyard | 2 | |
21 total
» build order
00:10 Altar of Darkness
00:15 Ziggurat
00:32 Crypt
00:47 Tomb of Relics
01:10 Graveyard
01:30 Ziggurat
02:24 Ziggurat
02:43 Nerubian Tower
02:45 Spirit Tower
03:19 Ziggurat
04:41 Halls of the Dead
04:45 Spirit Tower
07:27 Ziggurat
07:57 Ziggurat
09:03 Black Citadel
09:25 Sacrificial Pit
10:20 Spirit Tower
14:04 Boneyard
14:14 Boneyard
17:20 Ziggurat
17:26 Spirit Tower
» items
debinhalencar (
orange | 94 APM | 2368 actions | 25:18)
6 Pandaren Brewmaster
3 Breath of Fire
2 Drunken Haze
1 Storm Earth and Fire
3 Mountain King
2 Storm Bolt
1 Bash
» actions
| Assign group hotkey | 38 | |
| Basic commands | 141 | |
| Build / train | 82 | |
| ESC pressed | 2 | |
| Enter build submenu | 33 | |
| Enter hero's abilities submenu | 9 | |
| Right click | 1194 | |
| Select / deselect | 541 | |
| Select group hotkey | 233 | |
| Use ability | 95 | |
2368 total
» units
| Peasant | 21 | |
| Footman | 7 | |
| Goblin Zeppelin | 1 | |
| Gryphon Rider | 12 | |
41 total
» upgrades
| Animal War Training | 1 | |
| Swords | 2 | |
| Armor | 2 | |
| Storm Hammers | 1 | |
| Masonry | 2 | |
| Lumber Harvesting | 1 | |
9 total
» buildings
| Altar of Kings | 1 | |
| Barracks | 1 | |
| Farm | 8 | |
| Keep | 1 | |
| Arcane Vault | 1 | |
| Lumber Mill | 1 | |
| Castle | 1 | |
| Gryphon Aviary | 2 | |
| Blacksmith | 1 | |
| Town Hall | 2 | |
| Scout Tower | 13 | |
| Guard Tower | 11 | |
43 total
» build order
01:06 Altar of Kings
01:18 Barracks
01:32 Farm
02:06 Farm
03:23 Farm
04:07 Keep
04:33 Arcane Vault
04:36 Lumber Mill
05:41 Farm
06:43 Castle
07:09 Gryphon Aviary
07:11 Gryphon Aviary
07:37 Blacksmith
09:09 Farm
10:48 Farm
13:46 Farm
14:54 Town Hall
15:14 Farm
16:41 Town Hall
20:04 Scout Tower
20:07 Scout Tower
20:08 Scout Tower
20:09 Scout Tower
20:10 Scout Tower
20:58 Guard Tower
20:58 Guard Tower
20:59 Scout Tower
21:01 Scout Tower
21:29 Guard Tower
21:29 Guard Tower
21:30 Guard Tower
21:30 Guard Tower
21:32 Scout Tower
21:36 Scout Tower
21:38 Scout Tower
21:46 Scout Tower
22:00 Guard Tower
22:00 Guard Tower
22:01 Scout Tower
22:02 Scout Tower
22:11 Guard Tower
22:11 Guard Tower
22:32 Guard Tower
» items
| Belt of Giant Strength +6 | 1 | |
| Scroll of Regeneration | 3 | |
| Potion of Healing | 2 | |
6 total
team 2 (winner)
fuker88 (
purple | 41 APM | 1204 actions | 29:25)
6 Blademaster
3 Wind Walk
2 Critical Strike
1 Bladestorm
4 Naga Sea Witch
2 Frost Arrows
2 Forked Lightning
» actions
| Assign group hotkey | 3 | |
| Build / train | 74 | |
| Enter build submenu | 15 | |
| Enter hero's abilities submenu | 10 | |
| Give item / drop item | 8 | |
| Remove unit from queue | 4 | |
| Right click | 656 | |
| Select / deselect | 280 | |
| Use ability | 154 | |
1204 total
» units
| Peon | 9 | |
| Spirit Walker | 7 | |
| Shaman | 9 | |
| Tauren | 2 | |
27 total
» upgrades
| Spiked Barricades | 1 | |
| Armor | 1 | |
| Melee Weapons | 2 | |
| Shaman Training | 2 | |
| Spirit Walker Training | 2 | |
| Pulverize | 1 | |
9 total
» buildings
| Altar of Storms | 1 | |
| Orc Burrow | 5 | |
| War Mill | 1 | |
| Voodoo Lounge | 1 | |
| Watch Tower | 2 | |
| Stronghold | 1 | |
| Fortress | 1 | |
| Spirit Lodge | 2 | |
| Tauren Totem | 2 | |
16 total
» build order
00:12 Altar of Storms
00:23 Orc Burrow
01:04 War Mill
01:36 Orc Burrow
03:08 Voodoo Lounge
03:15 Watch Tower
03:17 Stronghold
04:25 Orc Burrow
05:10 Orc Burrow
05:19 Watch Tower
05:56 Fortress
06:03 Spirit Lodge
06:14 Spirit Lodge
06:29 Orc Burrow
09:39 Tauren Totem
09:57 Tauren Totem
» items
| Healing Salve | 3 | |
| Lesser Clarity Potion | 5 | |
| Scroll of Speed | 1 | |
| Potion of Healing | 8 | |
| Orb of Lightning | 2 | |
| Potion of Mana | 1 | |
20 total
anasico (
yellow | 32 APM | 945 actions | 29:25)
5 Archmage
2 Summon Water Elemental
2 Brilliance Aura
1 Blizzard
5 Mountain King
3 Storm Bolt
2 Bash
» actions
| Assign group hotkey | 34 | |
| Build / train | 75 | |
| Enter build submenu | 26 | |
| Enter hero's abilities submenu | 11 | |
| Give item / drop item | 1 | |
| Right click | 384 | |
| Select / deselect | 243 | |
| Select group hotkey | 115 | |
| Use ability | 56 | |
945 total
» units
| Peasant | 6 | |
| Footman | 7 | |
| Priest | 8 | |
| Spell Breaker | 2 | |
| Rifleman | 2 | |
| Gryphon Rider | 13 | |
| Knight | 7 | |
45 total
» upgrades
| Priest Training | 2 | |
| Swords | 3 | |
| Plating | 2 | |
| Storm Hammers | 1 | |
| Animal War Training | 1 | |
9 total
» buildings
| Altar of Kings | 1 | |
| Barracks | 1 | |
| Farm | 12 | |
| Lumber Mill | 1 | |
| Keep | 1 | |
| Scout Tower | 2 | |
| Arcane Vault | 1 | |
| Guard Tower | 2 | |
| Arcane Sanctum | 1 | |
| Blacksmith | 1 | |
| Castle | 1 | |
| Gryphon Aviary | 1 | |
25 total
» build order
00:19 Altar of Kings
00:26 Barracks
00:47 Farm
01:31 Farm
01:55 Lumber Mill
02:18 Farm
03:54 Keep
03:59 Scout Tower
04:57 Arcane Vault
04:59 Guard Tower
05:49 Farm
06:11 Scout Tower
06:17 Arcane Sanctum
06:38 Farm
06:42 Guard Tower
06:59 Blacksmith
07:52 Farm
09:22 Farm
09:27 Castle
10:10 Gryphon Aviary
14:21 Farm
14:56 Farm
15:54 Farm
16:55 Farm
19:41 Farm
» items
| Scroll of Regeneration | 1 | |
| Potion of Healing | 1 | |
| Scroll of Town Portal | 2 | |
| Orb of Fire | 1 | |
5 total
mamajko (
green | 21 APM | 618 actions | 29:25)
3 Warden
2 Fan of Knives
1 Shadow Strike
2 Priestess of the Moon
1 Trueshot Aura
1 Searing Arrows
» actions
| Basic commands | 10 | |
| Build / train | 76 | |
| Enter build submenu | 16 | |
| Enter hero's abilities submenu | 5 | |
| Right click | 255 | |
| Select / deselect | 209 | |
| Use ability | 47 | |
618 total
» units
| Wisp | 11 | |
| Archer | 14 | |
| Huntress | 12 | |
| Forest Troll Berserker | 1 | |
| Druid of the Talon | 1 | |
| Hippogryph | 1 | |
| Faerie Dragon | 1 | |
| Druid of the Claw | 1 | |
| Dryad | 1 | |
43 total
» upgrades
| Strength of the Moon | 3 | |
| Strength of the Wild | 3 | |
| Reinforced Hides | 3 | |
| Moon Armor | 2 | |
| Improved Bows | 1 | |
| Sentinel | 1 | |
| Well Spring | 1 | |
| Marksmanship | 1 | |
| Hippogryph Taming | 1 | |
| Druid of the Talon Training | 2 | |
| Upgrade Moon Glaive | 1 | |
| Vorpal Blades | 1 | |
| Ultravision | 1 | |
| Abolish Magic | 1 | |
| Druid of the Claw Training | 1 | |
| Resistant Skin | 1 | |
24 total
» buildings
| Altar of Elders | 1 | |
| Ancient of War | 2 | |
| Hunter's Hall | 1 | |
| Moon Well | 7 | |
| Tree of Ages | 1 | |
| Tree of Eternity | 1 | |
| Ancient of Wind | 1 | |
| Ancient of Wonders | 1 | |
| Ancient of Lore | 1 | |
16 total
» build order
00:10 Altar of Elders
00:22 Ancient of War
01:27 Hunter's Hall
01:50 Moon Well
02:20 Moon Well
02:54 Moon Well
06:42 Tree of Ages
06:52 Ancient of War
07:12 Moon Well
08:15 Moon Well
11:05 Tree of Eternity
16:15 Moon Well
16:40 Ancient of Wind
18:17 Moon Well
19:29 Ancient of Wonders
21:34 Ancient of Lore

»
007123321 (
pink | 41 APM | 1210 actions | 29:25)
5 Far Seer
2 Chain Lighting
3 Feral Spirit
7 Shadow Hunter
3 Healing Wave
2 Hex
1 Serpent Ward
1 Big Bad Voodoo
1 Beastmaster
1 Summon Bear
» actions
| Basic commands | 13 | |
| Build / train | 75 | |
| Enter build submenu | 19 | |
| Enter hero's abilities submenu | 13 | |
| Right click | 621 | |
| Select / deselect | 385 | |
| Use ability | 84 | |
1210 total
» units
| Peon | 7 | |
| Grunt | 8 | |
| Wind Rider | 10 | |
| Forest Troll Shadow Priest | 2 | |
| Ogre Mauler | 1 | |
| Raider | 4 | |
| Mud Golem | 1 | |
| Demolisher | 1 | |
| Tauren | 7 | |
41 total
» upgrades
| Berserker Strength | 1 | |
| Melee Weapons | 1 | |
| Ensnare | 1 | |
3 total
» buildings
| Altar of Storms | 1 | |
| Orc Burrow | 5 | |
| Barracks | 1 | |
| Voodoo Lounge | 1 | |
| War Mill | 1 | |
| Stronghold | 1 | |
| Watch Tower | 1 | |
| Beastiary | 1 | |
| Fortress | 1 | |
| Tauren Totem | 2 | |
15 total
» build order
00:04 Altar of Storms
00:08 Orc Burrow
00:39 Orc Burrow
01:53 Barracks
02:41 Orc Burrow
02:48 Voodoo Lounge
03:37 War Mill
03:43 Orc Burrow
04:59 Stronghold
05:40 Watch Tower
06:48 Orc Burrow
07:25 Beastiary
15:05 Fortress
20:28 Tauren Totem
21:32 Tauren Totem
» items
| Scroll of Speed | 2 | |
| Potion of Healing | 3 | |
| Potion of Mana | 2 | |
| Lesser Clarity Potion | 2 | |
| Healing Salve | 1 | |
| Book of the Dead | 1 | |
| Ice Shard | 1 | |
| Wand of the Wind | 1 | |
13 total
Chat log
(00:25 / Allies) _NIKOLLAS_: deboraH!!!!!
(00:27 / Allies) _NIKOLLAS_: pqp!!!!!
(00:36 / Allies) _NIKOLLAS_: aff
(00:37 / Allies) _NIKOLLAS_: aff
(00:40 / Allies) _NIKOLLAS_: AHAHAHAH!!!!!
(00:55 / Allies) _NIKOLLAS_: deborah baitola!
(01:02 / Allies) debinhalencar: a maxio
(01:04 / Allies) debinhalencar: porra
(01:11 / Allies) debinhalencar: manda um nudge
(02:32 / Allies) debinhalencar: meu fi
(02:33 / Allies) debinhalencar: vc ker
(02:35 / Allies) debinhalencar: ir pra onde?
(02:36 / Allies) debinhalencar: kkkkkkkkkk
(02:39 / Allies) _NIKOLLAS_: sei lah
(02:56 / Allies) debinhalencar: cancela
(02:58 / Allies) debinhalencar: cancelaaaaa
(02:59 / Allies) debinhalencar: can.
(03:05 / Allies) debinhalencar: coppra dust
(03:13 / Allies) ATempT: ]afasta
(03:47 / Allies) zoltanacs2: plaing
(03:51 / Allies) ATempT: meldels
(05:24 / Allies) debinhalencar: zoltac
(05:25 / Allies) debinhalencar: joga
(05:26 / Allies) debinhalencar: mto
(06:01 / Allies) zoltanacs2: wait
(07:43 / Allies) debinhalencar: vo passar
(07:44 / Allies) debinhalencar: o theshit
(07:46 / Allies) debinhalencar: pro kara
(07:47 / Allies) debinhalencar: kkkkkkkkkk
(12:44 / Allies) debinhalencar: COMPRA
(12:46 / Allies) debinhalencar: D U S T
(14:39 / Allies) ATempT: vamo
(14:53 / Allies) ATempT: quero ver se a gente n ganha
(14:54 / Allies) ATempT: agr
(15:36 / Allies) _NIKOLLAS_: aff
(15:49 / Allies) _NIKOLLAS_: pqp!
(16:48 / Allies) _NIKOLLAS_: \madeira
(16:58 / Allies) _NIKOLLAS_: madeira
(17:13 / All) fuker88: fuking noob elf ally
(17:24 / All) debinhalencar: we got 3 noobs here
(17:25 / All) debinhalencar: :D
(17:30 / Allies) debinhalencar: sai
(17:31 / Allies) debinhalencar: volt
(17:32 / Allies) debinhalencar: volta
(17:34 / Allies) debinhalencar: se nao eh fumo
(17:37 / Allies) debinhalencar: fica socado
(17:38 / Allies) debinhalencar: na base
(17:38 / Allies) debinhalencar: b
(17:38 / Allies) debinhalencar: b
(17:39 / Allies) debinhalencar: b
(17:41 / Allies) debinhalencar: b
(17:42 / Allies) debinhalencar: b
(17:56 / Allies) _NIKOLLAS_: base
(17:58 / Allies) _NIKOLLAS_: base
(18:16 / Allies) ATempT: se fude
(18:27 / Allies) ATempT: cara
(18:28 / Allies) ATempT: parado
(19:04 / Allies) ATempT: ]zzz viu
(19:18 / Allies) _NIKOLLAS_: pqp!
(19:20 / Allies) debinhalencar: o kara aki
(19:22 / Allies) debinhalencar: num sabe
(19:23 / Allies) debinhalencar: nem pra onde vai
(19:49 / All) ATempT: lkkkk
(19:50 / Allies) debinhalencar: wood
(19:52 / Allies) debinhalencar: brown wood
(20:05 / Allies) ATempT: maxu q porra viu
(20:12 / Allies) _NIKOLLAS_: kd a ajuda?
(20:15 / Allies) ATempT: maxu
(20:17 / All) 007123321: give up
(20:19 / Allies) ATempT: tu tava no telefone?
(20:19 / Allies) debinhalencar: o u outro!!
(20:27 / Allies) _NIKOLLAS_: quem?
(20:29 / Allies) _NIKOLLAS_: eu?
(20:29 / Allies) ATempT: tu
(20:32 / Allies) _NIKOLLAS_: n
(20:36 / Allies) ATempT: tu fiko parado
(20:39 / Allies) _NIKOLLAS_: eu naum
(20:40 / Allies) ATempT: e a gente
(20:41 / Allies) ATempT: la
(20:41 / Allies) debinhalencar: ele volto
(20:42 / Allies) debinhalencar: pra base
(20:46 / Allies) debinhalencar: eu falei volta volta
(20:48 / Allies) _NIKOLLAS_: eu voltei pra base
(20:49 / Allies) debinhalencar: ai o gringo foi
(20:51 / Allies) debinhalencar: tu foi
(20:52 / Allies) debinhalencar: ai eu fui
(20:54 / Allies) debinhalencar: pra n fumar
(20:55 / Allies) debinhalencar: ai ele saiu
(20:56 / Allies) _NIKOLLAS_: eu voltei
(21:02 / Allies) ATempT: voltava
(21:04 / Allies) ATempT: ai o zorak
(21:05 / Allies) ATempT: aki
(21:09 / Allies) ATempT: ia sumi
(21:09 / All) 007123321: please give up
(21:14 / All) ATempT: ?
(21:20 / All) ATempT: calm down
(21:32 / All) _NIKOLLAS_: please fuck you
(21:46 / All) anasico: hahahaha
(21:52 / Allies) debinhalencar: bora negada
(21:55 / Allies) debinhalencar: last santad
(22:08 / Allies) _NIKOLLAS_: heiuahiuehuiahuieha
(22:57 / Allies) _NIKOLLAS_: level 8
(22:59 / Allies) _NIKOLLAS_: caralho
(23:21 / Allies) _NIKOLLAS_: estah endiabrado
(23:24 / Allies) _NIKOLLAS_: aehuiahiehaiu
(23:47 / Allies) _NIKOLLAS_: caraka
(23:54 / All) anasico: mmmmmmmmm
(23:57 / Allies) _NIKOLLAS_: se garantiu chines
(24:07 / Allies) debinhalencar: kem si garantiu
(24:08 / Allies) debinhalencar: fui eu
(25:06 / Allies) debinhalencar: wood